 Dungeon Crawl Stone Soup version 0.23.1-38-g628c18f (webtiles) character file.

Game seed: 2258046829008331877

18 Borgoz the Sneak (level 2, 0/16 HPs)
             Began as a Kobold Enchanter on Mar 28, 2019.
             Succumbed to an adder's poison
             ... on level 2 of the Dungeon.
             The game lasted 00:01:54 (1110 turns).

Borgoz the Sneak (Kobold Enchanter)                 Turns: 1110, Time: 00:01:54

Health: 0/16       AC:  2    Str:  5    XL:     2   Next: 85%
Magic:  5/5        EV: 15    Int: 16    God:
Gold:   110        SH:  0    Dex: 15    Spells: 4/5 levels left

rFire    . . .     SeeInvis +   a - +1 dagger
rCold    . . .     Gourm    .   (shield restricted)
rNeg     . . .     Faith    .   b - +0 robe
rPois    .         Spirit   .   (no helmet)
rElec    .         Reflect  .   (no cloak)
rCorr    .         Harm     .   (no gloves)
MR       .....                  (no boots)
Stlth    +++.......             (no amulet)
HPRegen  0.05/turn              h - ring of see invisible
MPRegen  0.09/turn              (no ring)

@: lethally poisoned (0 -> -13), flying
A: small, carnivore
a: no special abilities


You were on level 2 of the Dungeon.
You were completely stuffed.

You visited 1 branch of the dungeon, and saw 2 of its levels.

You collected 110 gold pieces.

Inventory:

Hand Weapons
 a - a +1 dagger (weapon)
Armour
 b - a +0 robe (worn)
Jewellery
 h - a ring of see invisible (left hand)
 j - a +2 ring of strength {unknown}
Scrolls
 c - 2 scrolls of teleportation {unknown}
 f - 3 scrolls of identify {unknown}
 g - a scroll of remove curse {unknown}
 i - a scroll of random uselessness {unknown}
Potions
 k - a potion of cancellation {unknown}
 l - a potion of heal wounds {unknown}
Comestibles
 d - 2 rations


   Skills:
 + Level 0.3 Fighting
 * Level 2.1 Short Blades
 * Level 0.7 Armour
 * Level 2.8 Dodging
 + Level 4.1 Stealth
 - Level 2.1 Spellcasting
 - Level 3.0 Hexes


You had 4 spell levels left.
You knew the following spells:

 Your Spells              Type           Power        Failure   Level  Hunger
a - Corona                Hex            ##.....      6%          1    #......

Your spell library contained the following spells:

 Spells                   Type           Power        Failure   Level  Hunger
 Confusing Touch          Hex            ##....       6%          1    #......
 Ensorcelled Hibernation  Hex/Ice        #.....       17%         2    ###....
 Confuse                  Hex            ##......     19%         3    ###....
 Tukima's Dance           Hex            ##......     19%         3    ###....
 Animate Skeleton         Necr           N/A          21%         1    #......
 Apportation              Tloc           #.....       21%         1    #......
 Summon Small Mammal      Summ           #...         21%         1    #......
 Dazzling Spray           Conj/Hex       #.....       32%         3    ###....


Dungeon Overview and Level Annotations

Branches:
Dungeon (2/15)

Altars:


Innate Abilities, Weirdness & Mutations

You are small and have problems with some larger weapons.
You are carnivorous and can eat meat at any time.


Message History

You feel sick. The adder bites you.
You are too injured to fight recklessly!
You are too injured to fight recklessly!
You are too injured to fight recklessly!
You are too injured to fight recklessly!
You barely miss the adder.
The adder is lightly wounded.
The adder bites you.
* * * LOW HITPOINT WARNING * * *
You are more poisoned.
The adder poisons you!
You closely miss the adder.
The adder is lightly wounded.
* * * LOW HITPOINT WARNING * * *
You feel sick. The adder bites you.
* * * LOW HITPOINT WARNING * * *
It was a potion of flight.
You feel very buoyant.
You fly up into the air.
You die...

......# ...........
........
..................#
...................
.................#
..................
##.................
#.S................
#.@................
#..................
#..................
#..........####....
##...............##
##...<........##.#
#.............##.#
#.........†...##.#
#.............##.#


You could see an adder.

Vanquished Creatures
  2 leopard geckos (D:2)
  A bat (D:1)
  3 goblins
  4 hobgoblins
  A frilled lizard (D:1)
  A kobold (D:1)
  2 rats
14 creatures vanquished.

Notes
Turn   | Place    | Note
-------+----------+-------------------------------------------
     0 | D:1      | Borgoz the Kobold Enchanter began the quest for the Orb.
     0 | D:1      | Reached XP level 1. HP: 10/10 MP: 3/3
   496 | D:1      | Reached XP level 2. HP: 14/15 MP: 5/5
  1110 | D:2      | Succumbed to an adder's poison

Skill      XL: |  1  2 |
---------------+-------+-----
Short Blades   | 2 |  2.1
Fighting       | |  0.3
Armour         | |  0.7
Dodging        | |  2.8
Stealth        | |  4.1
Spellcasting   | |  2.1
Hexes          | |  3.0

Action                   || total
-------------------------++-------
Melee: Dagger            ||    77
  Use: Potion            ||     1
 Stab: Sleeping          ||     3
  Eat: Chunk             ||     9
Armor: Robe              ||     5
Dodge: Dodged            ||    48
